cohdb
Replays
Latest Replays
All Replays
Popular Replays
Top Player Replays
Match Explorer
How It Works
Community
CoH3 Stats
Reddit
Sign in to upload your games and track your stats! →
Sign in with Steam
Match 24771674
Unlisted
Match 24771674
Overview
Messages
Build Orders
End
Engineer Squad
Construct Barracks
Selects Advanced Infantry Battlegroup
1⁄4-ton 4x4 Truck
Riflemen Squad
Construct Weapon Support Center
Riflemen Squad
Infantry Support Center
Selects Convert to Ranger Squad
M1919 Machine Gun Team
Improved M9 Bazooka Rockets
Convert to Ranger Squad
Selects Frontline Medical Station
Frontline Medical Station
Bazooka Squad
M1 Mortar Team
Construct Tank Depot
Selects Ammunition Storage
Selects M2A1 105mm Howitzer Emplacement
M4A1 Sherman Medium Tank
Convert to Ranger Squad
M4A1 Sherman Medium Tank
abs59il
SneaKerz
gb_gbg
Maggot
Absinthe1976
WOLF ELITE V6
0
0
Comments
sign in to comment!
No comments posted yet!